 Dungeon Crawl Stone Soup version 0.31-a0-691-g409c26aa35 (webtiles) character file.

Game seed: 15169801088755292774

53444 qw the Marksgargoyle (level 14, -6/96 HPs)
             Began as a Gargoyle Hunter on Sept 6, 2023.
             Was a High Priest of Okawaru.
             Mangled by an enormous slime creature (53 damage)
             ... on level 13 of the Dungeon.
             The game lasted 00:08:45 (17092 turns).

qw the Marksgargoyle (Gargoyle Hunter)             Turns: 17092, Time: 00:08:46

Health: -6/96      AC: 25    Str: 20    XL:     14   Next: 68%
Magic:  20/21      EV: 26    Int:  9    God:    Okawaru [*****.]
Gold:   1448       SH:  5    Dex: 27    Spells: 13/13 levels left

rFire   + . .        n - +2 orcbow (heavy)
rCold   + . .        (shield currently unavailable)
rNeg    + . .        x - +2 leather armour {rC+}
rPois   inf          g - +2 hat
rElec   +            q - scarf {repulsion}
rCorr   .            a - +2 pair of gloves
SInv    .            f - +2 pair of boots
Will    +++..        d - amulet of reflection
Stlth   +++          t - ring "Xierakuk" {rF+ Will+ Dex+5 Stlth-}
HPRegen 0.36/turn    e - +6 ring of dexterity
MPRegen 0.17/turn

%: repel missiles, reflection
@: about to teleport, heroic, flying
A: sickness immunity, AC +10, big wings, negative energy resistance 1,
electricity resistance, torment resistance 1, petrification resistance,
strong-willed 1, strong 1
a: Renounce Religion, Heroism, Finesse, Duel


You were on level 13 of the Dungeon.
You worshipped Okawaru.
Okawaru was extremely pleased with you.
You visited 3 branches of the dungeon, and saw 19 of its levels.
You also visited: Sewer.

You collected 1744 gold pieces.
You spent 296 gold pieces at shops.


Innate Abilities, Weirdness & Mutations

You are immune to sickness and miasma.
Your stone body is resilient. (AC +10)
You are immune to poison.
Your large and strong wings let you fly.
You resist negative energy. (rN+)
You are resistant to electric shocks. (rElec)
You are resistant to unholy torment.
You are immune to petrification.
You are strong-willed. (Will+)
Your muscles are strong. (Str +4, Int/Dex -1)


   Skills:
 + Level 14.4(19.4) Fighting
 - Level 16.0(21.0) Ranged Weapons
 - Level 5.0(10.0) Armour
 - Level 10.0(15.0) Dodging
 - Level 1.1(6.1) Stealth
 - Level 10.0 Invocations


You had 13 spell levels left.
You didn't know any spells.
Your spell library was empty.

Inventory:

Hand Weapons
 n - a +2 heavy orcbow (weapon)
Armour
 a - a +2 pair of gloves (worn)
 f - a +2 pair of boots (worn)
 g - a +2 hat (worn)
 q - a scarf of repulsion (worn)
 s - a +0 troll leather armour
 u - a +0 cloak
 x - a +2 leather armour of cold resistance (worn)
Jewellery
 d - an amulet of reflection (around neck)
 e - a +6 ring of dexterity (right hand)
 t - the ring "Xierakuk" (left hand) {rF+ Will+ Dex+5 Stlth-}
   (You found it on level 10 of the Dungeon)

   [ring of protection from fire]

   Dex+5:     It affects your dexterity (+5).
   rF+:       It protects you from fire.
   Will+:     It increases your willpower.
   Stlth-:    It makes you less stealthy.
Scrolls
 h - 5 scrolls of identify
 j - 13 scrolls of teleportation
Potions
 b - a potion of heal wounds
 c - 10 potions of curing
 i - 2 potions of resistance
 k - a potion of mutation
 l - 3 potions of might
 m - a potion of magic
 o - 3 potions of enlightenment
 p - 2 potions of cancellation
 r - 3 potions of haste

Dungeon Overview and Level Annotations

Branches:
Dungeon (13/15)            Temple (1/1) D:7            Lair (5/5) D:11
 Shoals (0/4) Lair:3       Spider (0/4) Lair:3        Slime (0/5) Lair:5
    Orc (0/2) D:9           Sewer (visited)
 Vaults: D:13-14

Altars:
Ashenzari
Cheibriados
Dithmenos
Elyvilon
Fedhas
Gozag
Hepliaklqana
Kikubaaqudgha
Makhleb
Nemelex Xobeh
Okawaru
Qazlal
Ru
Sif Muna
Trog
Uskayaw
Vehumet
Wu Jian
Xom
Yredelemnul
Zin
The Shining One
Jiyva

Shops:
D:2 *   D:5 :??

Annotations:
Lair:1 3 runed translucent doors, exclusion: oklob plant, qw's ghost, novice GrHu


Message History

You shoot an arrow.
The arrow hits the large slime creature!!!
The large slime creature is heavily wounded.
You block the slime creature's attack.
You shoot an arrow.
The arrow hits the large slime creature!!!
The large slime creature is severely wounded.
The slime creature barely misses you.
The large slime creature hits you but does no damage.
You shoot an arrow.
The arrow hits the large slime creature!!
The large slime creature is almost dead.
Two slime creatures merge to form a very large slime creature.
The slime creature hits you but does no damage.
17087 ||| INVOKING Heroism.
You gain the combat prowess of a mighty hero.
The slime creature misses you.
You shoot an arrow.
The arrow barely misses the very large slime creature.
You block the slime creature's attack.
The very large slime creature closely misses you.
You shoot an arrow.
The arrow hits the very large slime creature!!
The very large slime creature is severely wounded.
The slime creature hits you! The very large slime creature hits you!
You shoot an arrow.
The arrow hits the very large slime creature!
The very large slime creature is almost dead.
The slime creature completely misses you.
Two slime creatures merge to form an enormous slime creature.
17091 ||| READING 14 scrolls of teleportation.
As you read the scroll of teleportation, it crumbles to dust.
You feel strangely unstable. The slime creature hits you!
You shoot an arrow.
The arrow hits the enormous slime creature!!
The enormous slime creature is severely wounded.
The slime creature hits you. The enormous slime creature hits you!!!
Ouch! That really hurt!
You die...

....##......###
..............#
###.............#
#..............##
...................#
#..... ............##
#......##..#.........#
.#.......#..#...#.....#
..........J@#...#...###
..........##J......##
...................#
.........JJ#......##
#......J.#####..##
###.......##.....#
##...............##
...#......)..........##
........).)...........#


You could see an enormous slime creature and a slime creature.

Vanquished Creatures
  Rupert (D:13)
  A dire elephant (Lair:5)
  3 hydras
  A boulder beetle (Lair:2)
  A centaur warrior (D:13)
  2 two-headed ogres
  4 death yaks (Lair:4)
  A pharaoh ant (Lair:3)
  A skyshark (Lair:4)
  Lodul (D:10)
  An ugly thing (D:12)
  A cyclops (D:13)
  Joseph (D:10)
  A gargoyle (D:13)
  16 elephants
  Maurice (D:12)
  2 black mambas
  10 cane toads
  An unseen horror (D:12)
  3 rime drakes
  10 komodo dragons
  A kobold demonologist (D:13)
  4 trolls
  13 polar bears
  2 raiju (Lair:5)
  4 dream sheep (Lair:2)
  3 jumping spiders (Lair:3)
  24 blink frogs
  4 shadows
  A slime creature (D:13)
  A wraith (D:9)
  7 wyverns
  19 yaks
  6 basilisks
  3 steam dragons
  6 vampire mosquitoes
  A redback (Lair:3)
  6 wargs (Lair:5)
  Edmund (D:5)
  2 acid dragons
  22 water moccasins
  13 hell hounds (Lair:5)
  An ice beast (D:7)
  11 black bears (Lair:5)
  11 orc warriors
  24 wolves
  7 ogres
  A phantom (D:4)
  6 centaurs
  4 kobold brigands
  11 bullfrogs
  3 gnoll sergeants
  3 scorpions
  3 killer bees (D:8)
  An electric eel (Lair:4)
  5 hounds
  2 jellies
  11 orc priests
  A sleepcap (D:6)
  A gnoll bouda (D:5)
  4 iguanas
  8 orc wizards
  24 gnolls
  A river rat (Sewer)
  8 adders
  2 shadow imps (D:6)
  An ufetubus (D:4)
  7 worms
  4 dart slugs
  43 orcs
  12 endoplasms
  2 giant cockroaches
  5 hobgoblins
  10 jackals (D:1)
  10 quokkas
  18 ball pythons
  4 bats
  2 frilled lizards
  7 goblins
  23 kobolds
  9 rats
516 creatures vanquished.

Notes
Turn   | Place    | Note
-------+----------+-------------------------------------------
     0 | D:1      | qw the Gargoyle Hunter began the quest for the Orb.
     0 | D:1      | Reached XP level 1. HP: 12/12 MP: 1/1
     0 | D:1      | 0 ||| qw: Version: 0.3-a-76-g4403597
     0 | D:1      | 0 ||| qw: Game counter: 9
     0 | D:1      | 0 ||| qw: Melee chars always use a shield: true
     0 | D:1      | 0 ||| qw: God list: Okawaru
     0 | D:1      | 0 ||| qw: Allow faded altars: false
     0 | D:1      | 0 ||| qw: Do Orc after clearing Dungeon:15 true
     0 | D:1      | 0 ||| qw: Do second Lair branch before Depths: true
     0 | D:1      | 0 ||| qw: Lair rune preference: random
     0 | D:1      | 0 ||| qw: Goals: Normal
     0 | D:1      | 0 ||| PLANNING D:1-11
    52 | D:1      | Reached XP level 2. HP: 12/17 MP: 2/2
   359 | D:1      | Reached XP level 3. HP: 21/21 MP: 3/3
   373 | D:1      | Reached skill level 5 in Ranged Weapons
   739 | D:1      | 739 ||| UPGRADING to +2 hat.
   744 | D:1      | 744 ||| UPGRADING to amulet of reflection.
   749 | D:1      | 749 ||| READING scroll labelled TUILEE CIAF.
   750 | D:1      | 750 ||| READING 2 scrolls labelled XID FOEHYGOOGH.
   751 | D:1      | 751 ||| DROPPING scroll of butterflies.
   838 | D:2      | Reached skill level 3 in Fighting
   838 | D:2      | Reached XP level 4. HP: 28/28 MP: 4/4
  1191 | D:2      | Identified the +6 falchion of Grandeur {flame, SInv}
  1369 | D:2      | Found Qadoxar's Assorted Antiques.
  1378 | D:2      | 1378 ||| BUYING runed leather armour (105 gold).
  1378 | D:2      | Bought a runed leather armour for 105 gold pieces
  1378 | D:2      | 1378 ||| SHOPLISTING scroll labelled HIGUYT COPT (21 gold,
                  | have 12).
  1378 | D:2      | 1378 ||| SHOPLISTING scroll labelled QOPLYGYQ UMMOA (21
                  | gold, have 12).
  1378 | D:2      | 1378 ||| SHOPLISTING scroll labelled RYNE KIPUOTT (21 gold,
                  | have 12).
  1378 | D:2      | 1378 ||| SHOPLISTING silver wand (84 gold, have 12).
  1576 | D:2      | 1576 ||| UPGRADING to +0 ring mail.
  1586 | D:2      | 1586 ||| DROPPING +0 leather armour.
  1587 | D:2      | 1587 ||| UPGRADING to +2 leather armour of positive energy.
  1597 | D:2      | 1597 ||| DROPPING +0 ring mail.
  1598 | D:2      | 1598 ||| UPGRADING to ring of positive energy.
  1599 | D:2      | 1599 ||| READING 3 scrolls labelled QOPLYGYQ UMMOA.
  1604 | D:2      | 1604 ||| READING scroll labelled SIRUMM BUFORA.
  1605 | D:2      | 1605 ||| DRINKING 2 cyan potions.
  1606 | D:2      | 1606 ||| READING 2 scrolls of identify.
  1606 | D:2      | 1606 ||| IDENTIFYING lumpy purple potion
  1607 | D:2      | 1607 ||| DROPPING potion of degeneration.
  1622 | D:3      | 1622 ||| STAIRDANCE
  1714 | D:3      | Found a shimmering altar of Xom.
  1767 | D:3      | 1767 ||| UPGRADING to +6 ring of dexterity.
  1768 | D:3      | 1768 ||| READING scroll labelled HIGUYT COPT.
  2033 | D:3      | Reached XP level 5. HP: 32/32 MP: 5/5
  2035 | D:3      | Found a faded altar of an unknown god.
  2036 | D:3      | Found a hazy altar of Hepliaklqana.
  2212 | D:3      | 2212 ||| UPGRADING to +0 pair of gloves.
  2217 | D:3      | 2217 ||| DROPPING amulet of the acrobat.
  2218 | D:3      | 2218 ||| UPGRADING to +4 ring of slaying {mikee}.
  2220 | D:3      | 2220 ||| DROPPING +6 ring of intelligence.
  2221 | D:3      | 2221 ||| DROPPING ring of positive energy.
  2222 | D:3      | 2222 ||| READING scroll labelled EBUB ILA QAON.
  2261 | D:4      | 2261 ||| PLANNING SEWER
  2269 | D:4      | Noticed a phantom
  2272 | D:4      | Killed a phantom
  2273 | D:4      | Reached skill level 6 in Ranged Weapons
  2283 | D:4      | Reached XP level 6. HP: 37/37 MP: 6/6
  2358 | D:4      | Reached skill level 1 in Armour
  2906 | D:4      | Found a glowing drain.
  2932 | D:4      | 2932 ||| UPGRADING to +2 pair of boots.
  2937 | D:4      | 2937 ||| UPGRADING to scarf of repulsion.
  2942 | D:4      | 2942 ||| READING scroll labelled XYUQYS ZAAS.
  2943 | D:4      | 2943 ||| READING 3 scrolls of identify.
  2943 | D:4      | 2943 ||| IDENTIFYING bubbling black potion
  2944 | D:4      | 2944 ||| READING 2 scrolls of identify.
  2944 | D:4      | 2944 ||| IDENTIFYING green potion
  2945 | D:4      | 2945 ||| DROPPING potion of brilliance.
  2952 | Sewer    | Entered a sewer
  2958 | Sewer    | 2958 ||| Stepping ~*~*~tactically~*~*~ (water).
  3034 | Sewer    | Reached skill level 7 in Ranged Weapons
  3054 | Sewer    | 3054 ||| Stepping ~*~*~tactically~*~*~ (water).
  3057 | Sewer    | 3057 ||| Stepping ~*~*~tactically~*~*~ (water).
  3086 | Sewer    | 3086 ||| Stepping ~*~*~tactically~*~*~ (water).
  3088 | Sewer    | 3088 ||| Stepping ~*~*~tactically~*~*~ (water).
  3113 | Sewer    | Reached XP level 7. HP: 43/43 MP: 7/7
  3216 | Sewer    | 3216 ||| Stepping ~*~*~tactically~*~*~ (water).
  3218 | Sewer    | 3218 ||| Stepping ~*~*~tactically~*~*~ (water).
  3229 | Sewer    | 3229 ||| READING scroll labelled FANIAM YTHO.
  3230 | Sewer    | 3230 ||| DRINKING 3 lumpy dark potions.
  3231 | Sewer    | 3231 ||| READING 2 scrolls of identify.
  3231 | Sewer    | 3231 ||| IDENTIFYING glowing clear potion
  3250 | D:4      | 3250 ||| PLANNING D:1-11
  3286 | D:5      | Entered Level 5 of the Dungeon
  3328 | D:5      | Reached skill level 8 in Ranged Weapons
  3416 | D:5      | Found a stormy altar of Qazlal.
  3457 | D:5      | 3457 ||| Stepping ~*~*~tactically~*~*~ (outnumbered).
  3458 | D:5      | 3458 ||| Stepping ~*~*~tactically~*~*~ (outnumbered).
  3501 | D:5      | Found Tatenaic's Magic Scroll Emporium.
  3514 | D:5      | 3514 ||| SHOPLISTING scroll of acquirement (520 gold, have
                  | 193).
  3514 | D:5      | 3514 ||| BUYING scroll of enchant weapon (75 gold).
  3514 | D:5      | Bought a scroll of enchant weapon for 75 gold pieces
  3514 | D:5      | 3514 ||| BUYING scroll of identify (20 gold).
  3514 | D:5      | Bought a scroll of identify for 20 gold pieces
  3514 | D:5      | 3514 ||| BUYING scroll of identify (20 gold).
  3514 | D:5      | Bought a scroll of identify for 20 gold pieces
  3514 | D:5      | 3514 ||| BUYING scroll of identify (20 gold).
  3514 | D:5      | Bought a scroll of identify for 20 gold pieces
  3514 | D:5      | 3514 ||| READING scroll of enchant weapon.
  3514 | D:5      | 3514 ||| ENCHANTING +1 shortbow.
  3553 | D:5      | Noticed Edmund
  3554 | D:5      | 3554 ||| SWAPPING to +0 orcbow.
  3561 | D:5      | Killed Edmund
  3562 | D:5      | Reached XP level 8. HP: 34/49 MP: 8/8
  3615 | D:5      | 3615 ||| DROPPING +2 shortbow.
  3645 | D:5      | Reached skill level 9 in Ranged Weapons
  3673 | D:5      | 3673 ||| Stepping ~*~*~tactically~*~*~ (outnumbered).
  3775 | D:5      | Found Heex Icla's Magic Scroll Emporium.
  3785 | D:5      | 3785 ||| BUYING scroll of identify (28 gold).
  3785 | D:5      | Bought a scroll of identify for 28 gold pieces
  3785 | D:5      | 3785 ||| BUYING scroll of identify (28 gold).
  3785 | D:5      | Bought a scroll of identify for 28 gold pieces
  3785 | D:5      | 3785 ||| SHOPLISTING scroll of identify (28 gold, have 21).
  3927 | D:5      | 3927 ||| Stepping ~*~*~tactically~*~*~ (outnumbered).
  3934 | D:5      | Reached skill level 3 in Dodging
  4036 | D:5      | Found Iklite's Book Shoppe.
  4120 | D:5      | Found a glowing golden altar of the Shining One.
  4208 | D:5      | 4208 ||| UPGRADING to +2 leather armour of cold resistance.
  4218 | D:5      | 4218 ||| READING scroll labelled NIOD TETWI.
  4219 | D:5      | 4219 ||| READING 2 scrolls labelled CUEVAA CUSOMPI.
  4320 | D:5      | 4320 ||| READING scroll labelled JEPOVE AHIGIN.
  4321 | D:5      | 4321 ||| READING scroll labelled RYNE KIPUOTT.
  4322 | D:5      | 4322 ||| DRINKING 2 bubbling cyan potions.
  4322 | D:5      | Gained mutation: Your muscles are strong. (Str +4, Int/Dex
                  | -1) [potion of mutation]
  4322 | D:5      | Gained mutation: You are strong-willed. (Will+) [potion of
                  | mutation]
  4323 | D:5      | 4323 ||| READING 6 scrolls of identify.
  4323 | D:5      | 4323 ||| IDENTIFYING smoky white potion
  4324 | D:5      | 4324 ||| READING 5 scrolls of identify.
  4324 | D:5      | 4324 ||| IDENTIFYING blue potion
  4325 | D:5      | 4325 ||| READING 4 scrolls of identify.
  4325 | D:5      | 4325 ||| IDENTIFYING gluggy blue potion
  4326 | D:5      | 4326 ||| READING 3 scrolls of identify.
  4326 | D:5      | 4326 ||| IDENTIFYING yellow potion
  4327 | D:5      | 4327 ||| DROPPING potion of invisibility.
  4328 | D:5      | 4328 ||| DROPPING potion of attraction.
  4329 | D:5      | 4329 ||| DROPPING scroll of silence.
  4466 | D:6      | Reached skill level 6 in Fighting
  4517 | D:6      | Reached skill level 10 in Ranged Weapons
  4517 | D:6      | Reached XP level 9. HP: 47/55 MP: 9/9
  4743 | D:6      | Found a sparkling altar of Nemelex Xobeh.
  5154 | D:6      | 5154 ||| READING scroll labelled PEZ NIERAFF.
  5268 | D:7      | Found a shadowy altar of Dithmenos.
  5300 | D:7      | Found a bloodstained altar of Trog.
  5371 | D:7      | 5371 ||| FLEEEEING.
  5372 | D:7      | 5372 ||| FLEEEEING.
  5372 | D:7      | Found a basalt altar of Yredelemnul.
  5373 | D:7      | 5373 ||| FLEEEEING.
  5377 | D:7      | 5377 ||| FLEEEEING.
  5378 | D:7      | 5378 ||| FLEEEEING.
  5379 | D:7      | 5379 ||| FLEEEEING.
  5381 | D:7      | 5381 ||| FLEEEEING.
  5382 | D:7      | 5382 ||| FLEEEEING.
  5521 | D:7      | Found a staircase to the Ecumenical Temple.
  5522 | D:7      | 5522 ||| PLANNING TEMPLE
  5526 | Temple   | Entered the Ecumenical Temple
  5527 | Temple   | 5527 ||| PLANNING D:1-11
  5633 | D:7      | Reached skill level 11 in Ranged Weapons
  6304 | D:7      | 6304 ||| READING 5 scrolls of identify.
  6304 | D:7      | 6304 ||| IDENTIFYING ruby potion
  6326 | D:8      | 6326 ||| Stepping ~*~*~tactically~*~*~ (outnumbered).
  6381 | D:8      | 6381 ||| Stepping ~*~*~tactically~*~*~ (outnumbered).
  6383 | D:8      | 6383 ||| Stepping ~*~*~tactically~*~*~ (outnumbered).
  6429 | D:8      | 6429 ||| FLEEEEING.
  6431 | D:8      | 6431 ||| FLEEEEING.
  6432 | D:8      | 6432 ||| FLEEEEING.
  6433 | D:8      | 6433 ||| FLEEEEING.
  6434 | D:8      | 6434 ||| FLEEEEING.
  6435 | D:8      | 6435 ||| FLEEEEING.
  6436 | D:8      | 6436 ||| FLEEEEING.
  6444 | D:8      | 6444 ||| STAIRDANCE
  6552 | D:8      | 6552 ||| Stepping ~*~*~tactically~*~*~ (outnumbered).
  6568 | D:8      | Reached XP level 10. HP: 62/64 MP: 10/10
  6759 | D:8      | Found a radiant altar of Vehumet.
  6837 | D:8      | Found a flagged portal.
  7387 | D:9      | 7387 ||| RETREATING.
  7389 | D:9      | Reached skill level 12 in Ranged Weapons
  7474 | D:9      | Found a staircase to the Orcish Mines.
  7511 | D:9      | Found a shimmering blue altar of Sif Muna.
  7511 | D:9      | Found an ornate altar of the Wu Jian Council.
  7577 | D:9      | 7577 ||| Stepping ~*~*~tactically~*~*~ (outnumbered).
  7580 | D:9      | 7580 ||| Stepping ~*~*~tactically~*~*~ (outnumbered).
  7582 | D:9      | 7582 ||| Stepping ~*~*~tactically~*~*~ (outnumbered).
  7689 | D:9      | 7689 ||| Stepping ~*~*~tactically~*~*~ (cloud).
  7782 | D:9      | Found an iron altar of Okawaru.
  7783 | D:9      | 7783 ||| PLANNING OKAWARU WORSHIP
  7783 | D:9      | 7783 ||| READING 5 scrolls of identify.
  7783 | D:9      | 7783 ||| IDENTIFYING metallic emerald potion
  7784 | D:9      | 7784 ||| DROPPING potion of ambrosia.
  7792 | D:9      | Became a worshipper of Warmaster Okawaru
  7793 | D:9      | 7793 ||| PLANNING D:1-11
  7851 | D:9      | Reached skill level 13 in Ranged Weapons
  8286 | D:10     | Entered Level 10 of the Dungeon
  8375 | D:10     | Found a glowing silver altar of Zin.
  8386 | D:10     | Reached * piety under Okawaru
  8387 | D:10     | Reached skill level 9 in Fighting
  8394 | D:10     | Found an ancient bone altar of Kikubaaqudgha.
  8493 | D:10     | Reached skill level 1 in Invocations
  8576 | D:10     | Noticed Joseph
  8584 | D:10     | 8584 ||| INVOKING Heroism.
  8585 | D:10     | Killed Joseph
  8766 | D:10     | Noticed a two-headed ogre
  8767 | D:10     | 8767 ||| INVOKING Heroism.
  8770 | D:10     | Killed a two-headed ogre
  8770 | D:10     | Reached ** piety under Okawaru
  8771 | D:10     | Reached skill level 3 in Armour
  8771 | D:10     | Reached skill level 3 in Invocations
  8771 | D:10     | Reached XP level 11. HP: 71/71 MP: 9/13
  8815 | D:10     | Noticed Lodul
  8828 | D:10     | 8828 ||| INVOKING Heroism.
  8840 | D:10     | Killed Lodul
  9003 | D:10     | Identified the ring "Xierakuk" {rF+ Will+ Dex+5 Stlth-}
  9115 | D:10     | 9115 ||| DROPPING +2 leather armour of positive energy.
  9116 | D:10     | 9116 ||| UPGRADING to ring "Xierakuk" {rF+ Will+ Dex+5
                  | Stlth-}.
  9118 | D:10     | 9118 ||| DROPPING +4 ring of slaying {mikee}.
  9266 | D:11     | 9266 ||| RETREATING.
  9277 | D:11     | 9277 ||| INVOKING Heroism.
  9285 | D:11     | 9285 ||| Stepping ~*~*~tactically~*~*~ (retreating).
  9286 | D:11     | 9286 ||| Stepping ~*~*~tactically~*~*~ (retreating).
  9287 | D:11     | 9287 ||| Stepping ~*~*~tactically~*~*~ (retreating).
  9288 | D:11     | 9288 ||| Stepping ~*~*~tactically~*~*~ (retreating).
  9289 | D:11     | 9289 ||| Stepping ~*~*~tactically~*~*~ (retreating).
  9290 | D:11     | 9290 ||| Stepping ~*~*~tactically~*~*~ (retreating).
  9291 | D:11     | 9291 ||| Stepping ~*~*~tactically~*~*~ (retreating).
  9292 | D:11     | 9292 ||| Stepping ~*~*~tactically~*~*~ (retreating).
  9293 | D:11     | 9293 ||| Stepping ~*~*~tactically~*~*~ (retreating).
  9299 | D:11     | Reached skill level 6 in Dodging
  9305 | D:11     | Reached *** piety under Okawaru
  9553 | D:11     | Identified the +4 dagger "Byggoheg" {heavy, Str+3}
  9604 | D:11     | Reached skill level 14 in Ranged Weapons
  9777 | D:11     | Found a staircase to the Lair.
  9797 | D:11     | 9797 ||| INVOKING Heroism.
  9838 | D:11     | 9838 ||| Stepping ~*~*~tactically~*~*~ (outnumbered).
  9845 | D:11     | 9845 ||| Stepping ~*~*~tactically~*~*~ (outnumbered).
  9858 | D:11     | 9858 ||| FLEEEEING.
  9859 | D:11     | 9859 ||| FLEEEEING.
  9860 | D:11     | 9860 ||| FLEEEEING.
  9861 | D:11     | 9861 ||| FLEEEEING.
  9862 | D:11     | 9862 ||| FLEEEEING.
 10014 | D:11     | 10014 ||| PLANNING LAIR
 10014 | D:11     | 10014 ||| READING 5 scrolls of identify.
 10014 | D:11     | 10014 ||| IDENTIFYING viscous silvery potion
 10015 | D:11     | 10015 ||| DROPPING potion of lignification.
 10053 | Lair:1   | Entered Level 1 of the Lair of Beasts
 10076 | Lair:1   | 10076 ||| INVOKING Heroism.
 10078 | Lair:1   | 10078 ||| RETREATING.
 10082 | Lair:1   | 10082 ||| Stepping ~*~*~tactically~*~*~ (water).
 10125 | Lair:1   | 10125 ||| RETREATING.
 10131 | Lair:1   | 10131 ||| Stepping ~*~*~tactically~*~*~ (retreating).
 10132 | Lair:1   | 10132 ||| Stepping ~*~*~tactically~*~*~ (retreating).
 10133 | Lair:1   | 10133 ||| Stepping ~*~*~tactically~*~*~ (retreating).
 10134 | Lair:1   | 10134 ||| Stepping ~*~*~tactically~*~*~ (retreating).
 10135 | Lair:1   | 10135 ||| Stepping ~*~*~tactically~*~*~ (retreating).
 10136 | Lair:1   | 10136 ||| Stepping ~*~*~tactically~*~*~ (retreating).
 10190 | Lair:1   | 10190 ||| INVOKING Heroism.
 10212 | Lair:1   | 10212 ||| READING scroll of enchant armour.
 10212 | Lair:1   | 10212 ||| ENCHANTING +0 pair of gloves.
 10355 | Lair:1   | Found a runed translucent gate.
 10357 | Lair:1   | Found a runed translucent gate.
 10357 | Lair:1   | Noticed qw's ghost (novice GrHu)
 10358 | Lair:1   | Found a runed translucent gate.
 10363 | Lair:1   | 10363 ||| INVOKING Heroism.
 10387 | Lair:1   | 10387 ||| INVOKING Heroism.
 10407 | Lair:1   | Noticed an oklob plant
 10408 | Lair:1   | 10408 ||| INVOKING Heroism.
 10417 | Lair:1   | 10417 ||| Stepping ~*~*~tactically~*~*~ (water).
 10679 | Lair:1   | 10679 ||| Stepping ~*~*~tactically~*~*~ (outnumbered).
 10694 | Lair:1   | Reached XP level 12. HP: 72/77 MP: 15/15
 10758 | Lair:1   | 10758 ||| INVOKING Heroism.
 10765 | Lair:1   | Reached **** piety under Okawaru
 10878 | Lair:1   | 10878 ||| INVOKING Heroism.
 10890 | Lair:1   | Reached skill level 15 in Ranged Weapons
 11027 | Lair:1   | Noticed an 11-headed hydra
 11029 | Lair:1   | Noticed a ten-headed hydra
 11030 | Lair:1   | 11030 ||| READING scroll of enchant weapon.
 11030 | Lair:1   | 11030 ||| ENCHANTING +0 orcbow.
 11306 | Lair:2   | 11306 ||| INVOKING Heroism.
 11376 | Lair:2   | You fall into a shaft and drop 1 floor!
 11385 | Lair:3   | 11385 ||| INVOKING Heroism.
 11390 | Lair:3   | 11390 ||| Stepping ~*~*~tactically~*~*~ (retreating).
 11393 | Lair:3   | 11393 ||| RETREATING.
 11398 | Lair:3   | 11398 ||| Stepping ~*~*~tactically~*~*~ (retreating).
 11403 | Lair:3   | Received a gift from Okawaru
 11404 | Lair:3   | 11404 ||| INVOKING Heroism.
 11450 | Lair:3   | 11450 ||| RETREATING.
 11484 | Lair:2   | 11484 ||| RETREATING.
 11485 | Lair:2   | 11485 ||| INVOKING Heroism.
 11494 | Lair:2   | Noticed a boulder beetle
 11506 | Lair:2   | HP: 8/77 [cane toad (14)]
 11507 | Lair:2   | 11507 ||| READING 12 scrolls of teleportation.
 11507 | Lair:2   | HP: 1/77 [blink frog (7)]
 11508 | Lair:2   | 11508 ||| DRINKING potion of heal wounds.
 11518 | Lair:2   | 11518 ||| INVOKING Heroism.
 11548 | Lair:2   | 11548 ||| INVOKING Heroism.
 11716 | Lair:2   | 11716 ||| INVOKING Heroism.
 11734 | Lair:2   | 11734 ||| INVOKING Heroism.
 11773 | Lair:2   | 11773 ||| INVOKING Heroism.
 11787 | Lair:2   | Killed a boulder beetle
 11794 | Lair:2   | Reached skill level 16 in Ranged Weapons
 11804 | Lair:2   | 11804 ||| RETREATING.
 11909 | Lair:2   | 11909 ||| INVOKING Heroism.
 11941 | Lair:2   | 11941 ||| INVOKING Heroism.
 11943 | Lair:2   | 11943 ||| RETREATING.
 11945 | Lair:2   | 11945 ||| Stepping ~*~*~tactically~*~*~ (retreating).
 11964 | Lair:2   | 11964 ||| RETREATING.
 11975 | Lair:2   | 11975 ||| INVOKING Heroism.
 11978 | Lair:2   | Reached skill level 6 in Invocations
 12093 | Lair:2   | 12093 ||| INVOKING Heroism.
 12511 | Lair:2   | 12511 ||| READING scroll labelled PEDUOZ IROGGIS.
 12536 | Lair:3   | 12536 ||| INVOKING Heroism.
 12545 | Lair:3   | Reached XP level 13. HP: 84/84 MP: 15/17
 12635 | Lair:3   | Found a staircase to the Shoals.
 12638 | Lair:3   | 12638 ||| INVOKING Heroism.
 12659 | Lair:3   | Found an ancient bone altar of Kikubaaqudgha.
 12677 | Lair:3   | 12677 ||| INVOKING Heroism.
 12696 | Lair:3   | Found a hole to the Spider Nest.
 13106 | Lair:4   | 13106 ||| RETREATING.
 13107 | Lair:4   | 13107 ||| Stepping ~*~*~tactically~*~*~ (retreating).
 13108 | Lair:4   | 13108 ||| Stepping ~*~*~tactically~*~*~ (retreating).
 13109 | Lair:4   | 13109 ||| Stepping ~*~*~tactically~*~*~ (retreating).
 13110 | Lair:4   | 13110 ||| Stepping ~*~*~tactically~*~*~ (retreating).
 13111 | Lair:4   | 13111 ||| Stepping ~*~*~tactically~*~*~ (retreating).
 13112 | Lair:4   | 13112 ||| Stepping ~*~*~tactically~*~*~ (retreating).
 13127 | Lair:4   | 13127 ||| INVOKING Heroism.
 13243 | Lair:4   | 13243 ||| RETREATING.
 13244 | Lair:4   | 13244 ||| INVOKING Heroism.
 13397 | Lair:4   | 13397 ||| READING scroll of enchant weapon.
 13397 | Lair:4   | 13397 ||| ENCHANTING +1 heavy orcbow.
 13486 | Lair:4   | 13486 ||| INVOKING Heroism.
 13539 | Lair:4   | Reached ***** piety under Okawaru
 13604 | Lair:4   | 13604 ||| INVOKING Heroism.
 13620 | Lair:4   | 13620 ||| READING scroll of enchant armour.
 13620 | Lair:4   | 13620 ||| ENCHANTING +1 pair of gloves.
 13651 | Lair:4   | 13651 ||| RETREATING.
 13662 | Lair:4   | 13662 ||| Stepping ~*~*~tactically~*~*~ (retreating).
 13665 | Lair:4   | 13665 ||| Stepping ~*~*~tactically~*~*~ (retreating).
 13666 | Lair:4   | 13666 ||| Stepping ~*~*~tactically~*~*~ (retreating).
 13668 | Lair:4   | Reached skill level 9 in Invocations
 13668 | Lair:4   | 13668 ||| Stepping ~*~*~tactically~*~*~ (retreating).
 13676 | Lair:4   | Reached skill level 12 in Fighting
 14077 | Lair:5   | Entered Level 5 of the Lair of Beasts
 14078 | Lair:5   | 14078 ||| STAIRDANCE
 14080 | Lair:4   | 14080 ||| INVOKING Heroism.
 14081 | Lair:4   | 14081 ||| INVOKING Finesse.
 14082 | Lair:4   | 14082 ||| INVOKING Finesse.
 14198 | Lair:5   | 14198 ||| STAIRDANCE
 14200 | Lair:4   | 14200 ||| Stepping ~*~*~tactically~*~*~ (retreating).
 14201 | Lair:4   | 14201 ||| INVOKING Heroism.
 14211 | Lair:4   | 14211 ||| INVOKING Finesse.
 14292 | Lair:5   | 14292 ||| STAIRDANCE
 14294 | Lair:4   | 14294 ||| Stepping ~*~*~tactically~*~*~ (retreating).
 14337 | Lair:5   | 14337 ||| STAIRDANCE
 14339 | Lair:4   | 14339 ||| Stepping ~*~*~tactically~*~*~ (retreating).
 14340 | Lair:4   | 14340 ||| INVOKING Heroism.
 14418 | Lair:5   | 14418 ||| STAIRDANCE
 14420 | Lair:4   | 14420 ||| Stepping ~*~*~tactically~*~*~ (retreating).
 14421 | Lair:4   | 14421 ||| INVOKING Heroism.
 14466 | Lair:5   | Reached skill level 9 in Dodging
 14522 | Lair:5   | 14522 ||| INVOKING Heroism.
 14547 | Lair:5   | 14547 ||| RETREATING.
 14555 | Lair:5   | 14555 ||| Stepping ~*~*~tactically~*~*~ (retreating).
 14556 | Lair:5   | 14556 ||| Stepping ~*~*~tactically~*~*~ (retreating).
 14557 | Lair:5   | 14557 ||| Stepping ~*~*~tactically~*~*~ (retreating).
 14577 | Lair:5   | 14577 ||| Stepping ~*~*~tactically~*~*~ (retreating).
 14578 | Lair:5   | 14578 ||| Stepping ~*~*~tactically~*~*~ (retreating).
 14579 | Lair:5   | 14579 ||| Stepping ~*~*~tactically~*~*~ (retreating).
 14580 | Lair:5   | 14580 ||| Stepping ~*~*~tactically~*~*~ (retreating).
 14591 | Lair:5   | Gained mutation: Your large and strong wings let you fly.
                  | [Gargoyle growth]
 14591 | Lair:5   | Reached XP level 14. HP: 79/92 MP: 21/21
 14742 | Lair:5   | 14742 ||| Stepping ~*~*~tactically~*~*~ (retreating).
 14753 | Lair:5   | Noticed a dire elephant
 14756 | Lair:5   | 14756 ||| INVOKING Heroism.
 14759 | Lair:5   | 14759 ||| Stepping ~*~*~tactically~*~*~ (retreating).
 14761 | Lair:5   | 14761 ||| Stepping ~*~*~tactically~*~*~ (retreating).
 14762 | Lair:5   | 14762 ||| Stepping ~*~*~tactically~*~*~ (retreating).
 14763 | Lair:5   | 14763 ||| Stepping ~*~*~tactically~*~*~ (retreating).
 14772 | Lair:5   | Killed a dire elephant
 14777 | Lair:5   | 14777 ||| Stepping ~*~*~tactically~*~*~ (outnumbered).
 14889 | Lair:5   | 14889 ||| RETREATING.
 14911 | Lair:5   | 14911 ||| RETREATING.
 14922 | Lair:5   | 14922 ||| INVOKING Heroism.
 14945 | Lair:5   | 14945 ||| RETREATING.
 14989 | Lair:5   | 14989 ||| RETREATING.
 15024 | Lair:5   | 15024 ||| INVOKING Heroism.
 15130 | Lair:5   | 15130 ||| INVOKING Heroism.
 15244 | Lair:5   | Found a staircase to the Slime Pits.
 15244 | Lair:5   | Found a viscous altar of Jiyva.
 15257 | Lair:5   | 15257 ||| RETREATING.
 15258 | Lair:5   | 15258 ||| INVOKING Heroism.
 15261 | Lair:5   | 15261 ||| Stepping ~*~*~tactically~*~*~ (retreating).
 15262 | Lair:5   | 15262 ||| Stepping ~*~*~tactically~*~*~ (retreating).
 15265 | Lair:5   | 15265 ||| Stepping ~*~*~tactically~*~*~ (retreating).
 15267 | Lair:5   | 15267 ||| Stepping ~*~*~tactically~*~*~ (retreating).
 15272 | Lair:5   | 15272 ||| Stepping ~*~*~tactically~*~*~ (retreating).
 15732 | Lair:5   | 15732 ||| PLANNING D
 15732 | Lair:5   | 15732 ||| READING 7 scrolls of identify.
 15732 | Lair:5   | 15732 ||| IDENTIFYING fizzy pink potion
 15733 | Lair:5   | 15733 ||| DROPPING potion of berserk rage.
 16166 | D:12     | Noticed Maurice
 16170 | D:12     | Killed Maurice
 16795 | D:12     | 16795 ||| READING scroll labelled MEMERCH SINAHI.
 16796 | D:12     | 16796 ||| READING scroll labelled KAXALL KOARO.
 16797 | D:12     | 16797 ||| READING 6 scrolls of identify.
 16797 | D:12     | 16797 ||| IDENTIFYING grey potion
 16878 | D:13     | Noticed Rupert
 16879 | D:13     | 16879 ||| RETREATING.
 16928 | D:13     | 16928 ||| INVOKING Heroism.
 16929 | D:13     | 16929 ||| INVOKING Finesse.
 16943 | D:13     | Killed Rupert
 17016 | D:13     | Received a gift from Okawaru
 17054 | D:13     | 17054 ||| Stepping ~*~*~tactically~*~*~ (outnumbered).
 17071 | D:13     | 17071 ||| RETREATING.
 17073 | D:13     | 17073 ||| Stepping ~*~*~tactically~*~*~ (retreating).
 17074 | D:13     | 17074 ||| Stepping ~*~*~tactically~*~*~ (retreating).
 17075 | D:13     | 17075 ||| Stepping ~*~*~tactically~*~*~ (retreating).
 17076 | D:13     | 17076 ||| Stepping ~*~*~tactically~*~*~ (retreating).
 17077 | D:13     | 17077 ||| Stepping ~*~*~tactically~*~*~ (retreating).
 17078 | D:13     | 17078 ||| Stepping ~*~*~tactically~*~*~ (retreating).
 17079 | D:13     | 17079 ||| Stepping ~*~*~tactically~*~*~ (retreating).
 17080 | D:13     | 17080 ||| Stepping ~*~*~tactically~*~*~ (retreating).
 17081 | D:13     | 17081 ||| Stepping ~*~*~tactically~*~*~ (retreating).
 17087 | D:13     | 17087 ||| INVOKING Heroism.
 17091 | D:13     | 17091 ||| READING 14 scrolls of teleportation.
 17092 | D:13     | Mangled by an enormous slime creature

Levels and vault maps discovered:
D:1:      minmay_arrival_radiant_lines, layout_loops_cross
D:2:      minmay_alternating_diamond, layout_basic, serial_shops,
          nicolae_square_shop, kennysheep_potato
D:3:      layout_loops_cross, beargit_hepliaklqana_dungeon_heroes,
          mainiacjoe_overflow_boulevard, serial_glass, glass_columns_a,
          glass_columns_b, mrwooster_statue_mirror, st_stairs_9
D:4:      layout_cave_pods, cheibrodos_sewer_entry_bend
D:5:      layout_gridville, kennysheep_mini_moat, overflow_temple_1_default,
          serial_shops, nicolae_shop_tiny_glass, shop,
          nicolae_shop_rolling_square, minmay_misc_feat_pillars, uniq_edmund
D:6:      layout_cave_pods, nemelex_dance_club_becter
D:7:      layout_basic, mainiacjoe_overflow_small_starburst,
          general_overflow_altar, bloody_trog
D:8:      layout_basic, marbit_many_paths, enter_bailey_7
D:9:      layout_gridville, mainiacjoe_overflow_divided_tiny,
          nicolae_overflow_crystal_walls, david_orc_5
D:10:     layout_roguey, kiku_gazebo_pond_becter, zin_statuary,
          kennysheep_generic_room_11, uniq_lodul, uniq_joseph
D:11:     layout_irregular_city, minmay_lair_entry_grove
D:12:     layout_stronghold, uniq_maurice
D:13:     layout_cave_pools, lightli_vaults_fourway_checkpoint, uniq_rupert
Temple:   hellmonk_temple_two_chambers
Lair:1:   layout_chaotic_city, portal_ice_cave_rime, gammafunk_ghost_hydra_chop,
          serial_bayou_pond_e, serial_bayou_shore_a
Lair:2:   layout_roguey, lightli_volcano_entry_magma_tube, grunt_megastairs_5
Lair:3:   layout_gridlike, elwin_shoals_entry_rocks,
          nicolae_spider_entry_lesser_pyramids, basic_altar, lemuel_fruit_tree
Lair:4:   layout_big_grid, infiniplex_staircase_pool
Lair:5:   hangedman_lair_caniforms_friends, layout_loops_ring, wormcave,
          slime_entry_1

Skill      XL: |  1  2  3  4  5  6  7  8  9 10 11 12 13 14 |
---------------+-------------------------------------------+-----
Ranged Weapons | 5 6 7 8 10 11 13 14 16 | 16.0
Fighting       | 3 4 5 6 8 9 10 11 12 14 | 14.4
Armour         | 1 2 3 4 5 |  5.0
Dodging        | 2 3 4 5 6 7 9 10 | 10.0
Invocations    | 3 4 6 10 | 10.0
Stealth        | |  1.1

Action                     |  1- 3 |  4- 6 |  7- 9 | 10-12 | 13-15 || total
---------------------------+-------+-------+-------+-------+-------++-------
   Fire: Shortbow          |   108 |   204 |    56 |       |       ||   368
         Orcbow            |       |       |   254 |   700 |   572 ||  1526
 Invoke: Heroism           |       |       |       |    26 |    18 ||    44
         Finesse           |       |       |       |       |     3 ||     3
    Use: Scroll            |     2 |     8 |    13 |     6 |     7 ||    36
         Potion            |       |     1 |     2 |     1 |       ||     4
 Armour: Leather armour    |    47 |    32 |    46 |   151 |   278 ||   554
  Dodge: Dodged            |    30 |    25 |    44 |   240 |   494 ||   833
         Repelled          |       |       |       |     2 |       ||     2
  Block: Other             |     1 |    10 |    21 |    81 |   122 ||   235
         Reflection        |       |       |     3 |     5 |     1 ||     9

Table legend:
 A = Non-vault XP
 B = Vault XP
 C = Vault XP percentage of total XP
 D = Non-vault monster count
 E = Vault monster count
 F = Vault count percentage of total count
                 A         B        C        D         E       F
            +---------+---------+-------+---------+---------+-------
      Total |   51062 |   25287 |  33.1 |     358 |     158 |  30.6
            +---------+---------+-------+---------+---------+-------
        D:1 |      67 |       0 |   0.0 |      36 |       0 |   0.0
        D:2 |      30 |      27 |  47.4 |      12 |       6 |  33.3
        D:3 |      36 |      37 |  50.7 |      14 |       2 |  12.5
        D:4 |     196 |      15 |   7.1 |      18 |       3 |  14.3
        D:5 |     912 |     158 |  14.8 |      33 |       1 |   2.9
        D:6 |     961 |     118 |  10.9 |      14 |       2 |  12.5
        D:7 |     985 |       0 |   0.0 |      19 |       0 |   0.0
        D:8 |    1183 |     145 |  10.9 |      30 |       5 |  14.3
        D:9 |    1156 |     888 |  43.4 |      10 |      21 |  67.7
       D:10 |    2329 |    2103 |  47.5 |      18 |       9 |  33.3
       D:11 |     942 |    2428 |  72.0 |       9 |      13 |  59.1
       D:12 |    2242 |     445 |  16.6 |       7 |       1 |  12.5
       D:13 |    3236 |    1798 |  35.7 |      12 |       1 |   7.7
     Lair:1 |    3850 |     767 |  16.6 |      18 |       2 |  10.0
     Lair:2 |    6580 |    3569 |  35.2 |      27 |      11 |  28.9
     Lair:3 |    4447 |    1661 |  27.2 |      21 |       5 |  19.2
     Lair:4 |   16280 |       0 |   0.0 |      44 |       0 |   0.0
     Lair:5 |    5630 |   10859 |  65.9 |      16 |      56 |  77.8
      Sewer |       0 |     269 | 100.0 |       0 |      20 | 100.0
            +---------+---------+-------+---------+---------+-------
